 Dungeon Crawl Stone Soup version 0.21-a0-228-g14ccbf3 (webtiles) character file.

9670 Ijustatesigmund the Fighter (level 11, -17/93 HPs)
             Began as a Formicid Fighter on Aug 31, 2017.
             Was a Priest of Cheibriados.
             Demolished by a phantasmal warrior (22 damage)
             ... led by a death knight
             ... on level 14 of the Dungeon.
             The game lasted 00:24:57 (8909 turns).

Ijustatesigmund the Fighter (Formicid Fighter)      Turns: 8909, Time: 00:24:57

Health: -17/93     AC: 14    Str: 29    XL:     11   Next: 78%
Magic:  16/16      EV: 12    Int: 14    God:    Cheibriados [***...]
Gold:   413        SH: 12    Dex: 20    Spells: 10/10 levels left

rFire    . . .     SeeInvis +   B - +0 quarterstaff
rCold    . . .     Gourm    .   c - +0 shield
rNeg     + + .     Faith    .   b - +0 chain mail
rPois    .         Spirit   .   (helmet unavailable)
rElec    .         Reflect  .   (no cloak)
rCorr    .         Harm     .   l - +1 pair of gloves
MR       +....                  t - +1 pair of boots
Stlth    ..........             (no amulet)
HPRegen  0.25/turn              q - ring of positive energy
MPRegen  0.15/turn              x - ring of positive energy

@: lethally poisoned (-17 -> -20), very slow
A: permanent stasis, dig shafts and tunnels, four strong arms, antennae 3
a: Dig, Shaft Self, Bend Time, Temporal Distortion, Renounce Religion


You were on level 14 of the Dungeon.
You worshipped Cheibriados.
Cheibriados was most pleased with you.
You were not hungry.

You visited 2 branches of the dungeon, and saw 13 of its levels.

You collected 413 gold pieces.

Inventory:

Hand Weapons
 a - a +6 lajatang of speed
 B - a +0 quarterstaff (weapon)
Armour
 b - a +0 chain mail (worn)
 c - a +0 shield (worn)
 l - a +1 pair of gloves (worn)
 t - a +1 pair of boots (worn)
Jewellery
 q - a ring of positive energy (left hand)
 w - an uncursed ring of ice
 x - a ring of positive energy (right hand)
 z - an uncursed ring of fire
Wands
 m - a wand of flame (0/48)
 y - a wand of flame (22/48)
 H - a wand of lightning (1/15)
Scrolls
 e - a scroll of identify
 o - 3 scrolls of remove curse
 p - a scroll of recharging
 v - 2 scrolls of amnesia
Potions
 d - a potion of flight
 j - a potion of magic
 k - 2 potions of brilliance
 n - a potion of agility
 u - 2 potions of lignification
 C - a potion of curing
Books
 r - a book of Changes

   Spells                             Type                      Level
   a - Beastly Appendage              Transmutation                1
   b - Sticks to Snakes               Transmutation                2
   c - Spider Form                    Transmutation/Poison         3
   d - Ice Form                       Ice/Transmutation            4
   e - Blade Hands                    Transmutation                5
 A - a book of Conjurations

   Spells                             Type                      Level
   a - Magic Dart                     Conjuration                  1
   b - Searing Ray                    Conjuration                  2
   c - Dazzling Spray                 Conjuration/Hexes            3
   d - Fulminant Prism                Conjuration/Hexes            4
   e - Force Lance                    Conjuration/Translocation    4
   f - Iskenderun's Mystic Blast      Conjuration                  4
 F - a book of Geomancy

   Spells                             Type                      Level
   a - Sandblast                      Earth                        1
   b - Passwall                       Transmutation/Earth          2
   c - Stone Arrow                    Conjuration/Earth            3
   d - Petrify                        Transmutation/Earth          4
   e - Lee's Rapid Deconstruction     Earth                        5
Comestibles
 f - 5 bread rations
 g - 3 meat rations
 h - 4 royal jellies
 i - 6 fruits


   Skills:
 - Level 11.5 Fighting
 - Level 11.3 Staves
 - Level 5.7 Armour
 + Level 5.9 Dodging
 - Level 6.2 Shields
 + Level 7.9 Invocations


You had 10 spell levels left.
You didn't know any spells.

Dungeon Overview and Level Annotations

Branches:
Dungeon (15/15)            Temple (1/1) D:6             Orc (0/2) D:12
   Lair: D:8-11      Vaults: D:13-14     Depths: D:15

Altars:
Ashenzari
Cheibriados
Dithmenos
Elyvilon
Fedhas
Gozag
Hepliaklqana
Kikubaaqudgha
Makhleb
Nemelex Xobeh
Okawaru
Qazlal
Sif Muna
Trog
Uskayaw
Vehumet
Wu Jian
Xom
Yredelemnul
Zin
The Shining One


Innate Abilities, Weirdness & Mutations

You cannot be hasted, slowed, berserked, paralysed or teleported.
You can dig through walls and to a lower floor.
Your four strong arms can wield two-handed weapons with a shield.
You have a pair of large antennae on your head. (SInv)


Message History

The phantasmal warrior is moderately damaged.
You block the phantasmal warrior's attack.
You block the wraith's attack.
You hit the phantasmal warrior.
The phantasmal warrior is moderately damaged.
You feel sick.
The phantasmal warrior closely misses you.
You block the wraith's attack.
You sock the phantasmal warrior!
The phantasmal warrior is heavily damaged.
You closely miss the phantasmal warrior.
The phantasmal warrior is heavily damaged.
You feel sick.
You block the phantasmal warrior's attack.
The wraith hits you.
* * * LOW HITPOINT WARNING * * *
You hit the phantasmal warrior but do no damage.
The phantasmal warrior is heavily damaged.
The phantasmal warrior hits you!!
You die...

*,,,,,,,#........,,,,',*,,,,,*,
*,,,,,,,'........,,,,*,#*******
*,,,,,,,#..$....######..,,,,,,,
********#.......#.....,..,',,,,
*,,,,,,.#.......#...#*...**,,,,
*,,,,,,.'.......#...##'##**,,,,
*,,,,,,,#.......'........,,,,,,
**+*****##.....W.#........,,,,,*
*,,,,,,,......W@.#........,,,,,,
*,,,,,,,..########...###'#**,,,,
*,,,,,,,,,#.....##...##...**,,,*
*,,,,,,,,,#.....#.........,,,,,,
*,,,,,,,,,#.....#.........,,,,,,
*,,,,,,,,,#.....'.........,,,,,,
*,,,,,<,,,#.....####'##...**,,,,
******#####.....#.....#...**,,,,
*,,,,..........#.....#,..**,,,,


You could see a phantasmal warrior and a wraith.

Vanquished Creatures
  A two-headed ogre (D:8)
  Joseph (D:7)
  A gargoyle (D:14)
  A kobold demonologist (D:14)
  A troll (D:14)
  A hornet (D:8)
  Prince Ribbit (D:6)
  A hippogriff (D:7)
  2 wraiths (D:14)
  3 hungry ghosts
  4 vampire mosquitoes (D:14)
  Menkaure (D:7)
  Edmund (D:6)
  A soldier ant (D:14)
  2 orc warriors
  Duvessa (D:5)
  2 sky beasts
  An ice beast (D:7)
  2 phantoms (D:8)
  2 black bears
  5 ogres
  2 centaurs
  5 big kobolds (D:14)
  Blork the orc (D:3)
  3 bullfrogs
  Dowan (D:5)
  3 scorpions
  2 water moccasin skeletons
  4 killer bees (D:8)
  3 howler monkeys (D:7)
  A centaur zombie (D:8)
  2 crimson imps
  A quasit (D:7)
  2 jellies (D:8)
  3 orc priests
  4 hounds
  2 orc wizards
  A bullfrog skeleton (D:5)
  2 centaur skeletons
  5 iguanas
  Ijyb (D:4)
  8 worker ants
  A howler monkey zombie (D:8)
  A howler monkey skeleton (D:5)
  7 adders
  An ooze (D:1)
  An adder zombie (D:8)
  2 adder skeletons (D:4)
  4 worms
  7 leopard geckos
  26 orcs
  7 giant cockroaches
  A goblin (D:1)
  7 hobgoblins
  18 jackals
  2 quokkas
  A ball python (D:2)
  8 bats
  4 frilled lizards
  A jackal skeleton (D:5)
  10 kobolds
  6 rats
206 creatures vanquished.

Notes
Turn   | Place    | Note
-------+----------+-------------------------------------------
     0 | D:1      | Ijustatesigmund the Formicid Fighter began the quest for the Orb.
     0 | D:1      | Reached XP level 1. HP: 18/18 MP: 1/1
   245 | D:1      | Reached XP level 2. HP: 24/24 MP: 2/2
   603 | D:2      | Reached XP level 3. HP: 29/29 MP: 3/3
   689 | D:2      | Found an ornate altar of the Wu Jian Council.
  1136 | D:2      | Reached XP level 4. HP: 29/37 MP: 4/4
  1681 | D:3      | Reached XP level 5. HP: 27/43 MP: 5/5
  2276 | D:3      | Noticed Blork the orc
  2289 | D:3      | Killed Blork the orc
  2289 | D:3      | Reached XP level 6. HP: 50/50 MP: 6/6
  2294 | D:3      | Found a deep blue altar of Sif Muna.
  2390 | D:3      | Reached skill level 5 in Fighting
  2390 | D:3      | Reached skill level 5 in Staves
  2582 | D:4      | Found a glowing golden altar of the Shining One.
  2746 | D:4      | Reached XP level 7. HP: 50/56 MP: 7/7
  3148 | D:4      | Noticed Ijyb
  3173 | D:4      | Killed Ijyb
  3276 | D:4      | You fall through a shaft!
  3276 | D:5      | Entered Level 5 of the Dungeon
  3974 | D:5      | Reached XP level 8. HP: 64/64 MP: 8/8
  4390 | D:5      | Found a blossoming altar of Fedhas.
  4681 | D:5      | Found an opulent altar of Gozag.
  4731 | D:5      | Found an iron altar of Okawaru.
  4959 | D:6      | Reached skill level 5 in Shields
  5158 | D:6      | Noticed Prince Ribbit
  5159 | D:6      | Noticed Duvessa
  5159 | D:6      | Noticed Dowan
  5188 | D:5      | Killed Duvessa
  5195 | D:5      | Killed Dowan
  5195 | D:5      | Reached skill level 5 in Armour
  5195 | D:5      | Reached XP level 9. HP: 63/71 MP: 9/9
  5212 | D:6      | Killed Prince Ribbit
  5249 | D:6      | Noticed Edmund
  5261 | D:6      | Killed Edmund
  5297 | D:6      | Found a shattered altar of Ashenzari.
  5315 | D:6      | Found a stormy altar of Qazlal.
  5388 | D:6      | Found a staircase to the Ecumenical Temple.
  5394 | D:6      | Identified a scroll of acquirement
  5481 | D:6      | Found a hazy altar of Hepliaklqana.
  5595 | Temple   | Entered the Ecumenical Temple
  5674 | Temple   | Became a worshipper of Cheibriados the Contemplative
  5789 | D:6      | Reached XP level 10. HP: 88/88 MP: 10/10
  5979 | D:7      | Found a sparkling altar of Nemelex Xobeh.
  6021 | D:7      | Reached skill level 1 in Invocations
  6044 | D:7      | Noticed Menkaure
  6052 | D:7      | Killed Menkaure
  6052 | D:7      | Reached skill level 1 in Dodging
  6463 | D:7      | Noticed Joseph
  6479 | D:7      | Killed Joseph
  6850 | D:8      | Reached * piety under Cheibriados
  7249 | D:8      | Noticed a two-headed ogre
  7260 | D:8      | Reached XP level 11. HP: 93/93 MP: 14/14
  7274 | D:8      | Killed a two-headed ogre
  7274 | D:8      | Reached skill level 5 in Invocations
  7622 | D:8      | Reached ** piety under Cheibriados
  8027 | D:9      | You fall through a shaft for 3 floors!
  8027 | D:12     | Found a staircase to the Orcish Mines.
  8030 | D:12     | You fall through a shaft for 2 floors!
  8030 | D:14     | Noticed a fire crab
  8037 | D:14     | a fire crab changed into a black mamba
  8039 | D:14     | You fall through a shaft!
  8039 | D:15     | Entered Level 15 of the Dungeon
  8039 | D:15     | Noticed a two-headed ogre
  8039 | D:15     | Noticed a cyan ugly thing
  8039 | D:15     | Noticed a cyan ugly thing
  8039 | D:15     | Noticed a cyan ugly thing
  8039 | D:15     | Noticed a cyan ugly thing
  8039 | D:15     | Noticed a cyan ugly thing
  8251 | D:14     | Reached skill level 5 in Dodging
  8618 | D:14     | Reached *** piety under Cheibriados
  8889 | D:14     | Noticed a death knight
  8890 | D:14     | Noticed a phantasmal warrior
  8909 | D:14     | Demolished by a phantasmal warrior

Vault maps used:
D:1:      mrwooster_arrival_arrow, minivault_25
D:2:      nicolae_overflow_hidden_temple, first_bread
D:3:      minmay_wonky_spiral, tgw_sif
D:4:      tso_oasis_becter, grunt_ministairs_10, uniq_ijyb
D:5:      kennysheep_little_box, okawaru_metal_pillars_3, old_standard_altar
D:6:      kennysheep_mini, lemuel_doored_altar, ashenzari_conservatory_becter,
          minmay_temple_entry_hall, uniq_edmund, uniq_duvessa,
          uniq_prince_ribbit1
D:7:      nemelex_xobeh_ov_fountains_minmay, uniq_menkaure, uniq_joseph
D:9:      nicolae_ru_great_annihilating_truth, serial_shops, shop,
          hangedman_pestilent_swarm
D:12:     erik_orc_2, serial_shops, nicolae_shop_behind_doors
D:14:     grunt_vaults_entry_tiered, enter_bailey_2, dk_noncrumbling_3
D:15:     gammafunk_depths_entry_grave, serial_shops, shop,
          grunt_dithmenos_smoke, uniq_kirke
Temple:   nicolae_temple_hex_pool

Skill      XL: |  1  2  3  4  5  6  7  8  9 10 11 |
---------------+----------------------------------+-----
Staves         | 3 4 5 6 7 11 | 11.3
Fighting       | 4 5 6 11 | 11.5
Shields        | 4 5 6 |  6.2
Armour         | 5 |  5.7
Invocations    | 4 7 |  7.9
Dodging        | 3 5 |  5.9

Action                   |  1- 3 |  4- 6 |  7- 9 | 10-12 || total
-------------------------+-------+-------+-------+-------++-------
Melee: Quarterstaff      |    99 |   155 |   208 |   464 ||   926
 Abil: Dig               |       |     3 |     4 |     2 ||     9
       Shaft Self        |       |       |     1 |     3 ||     4
Evoke: Wand              |       |     6 |     6 |     2 ||    14
  Use: Scroll            |     7 |     4 |     6 |    10 ||    27
       Potion            |       |       |     2 |     5 ||     7
  Eat: Chunk             |     1 |     5 |     5 |     4 ||    15
       Fruit             |       |       |     6 |     5 ||    11
       Bread ration      |       |       |       |     2 ||     2
Armor: Scale mail        |    44 |    22 |       |       ||    66
       Chain mail        |       |    37 |    91 |   160 ||   288
Dodge: Dodged            |    30 |    38 |    40 |   138 ||   246
Block: Shield            |    48 |    74 |    84 |   258 ||   464

Table legend:
 A = Spawn XP
 B = Non-spawn XP
 C = Spawn XP percentage of total XP
 D = Spawn monster count
 E = Non-spawn monster count
 F = Spawn count percentage of total count
 G = Total turns spent on level
                    A         B        C        D         E        F      G
               +---------+---------+-------+---------+---------+-------+---------
         Total |    1672 |    9612 |  14.8 |      18 |     188 |   8.7 |  8909
               +---------+---------+-------+---------+---------+-------+---------
           D:1 |       3 |      25 |  10.7 |       2 |      12 |  14.3 |   597
           D:2 |       5 |      61 |   7.6 |       3 |      25 |  10.7 |  1059
           D:3 |       0 |     250 |   0.0 |       0 |      23 |   0.0 |   847
           D:4 |       0 |     542 |   0.0 |       0 |      21 |   0.0 |  1071
           D:5 |     154 |     553 |  21.8 |       5 |      12 |  29.4 |  1377
           D:6 |     122 |     869 |  12.3 |       1 |      18 |   5.3 |   782
           D:7 |     308 |    1505 |  17.0 |       3 |      17 |  15.0 |   944
           D:8 |    1077 |    2120 |  33.7 |       3 |      29 |   9.4 |  1188
           D:9 |       0 |     150 |   0.0 |       0 |       8 |   0.0 |    62
          D:14 |       3 |    3537 |   0.1 |       1 |      23 |   4.2 |   865
               +---------+---------+-------+---------+---------+-------+---------
